 Dungeon Crawl Stone Soup version 0.20.1-1-g8b1a95d (webtiles) character file.

126 karf the Skirmisher (level 4, -9/41 HPs)
             Began as a Minotaur Fighter on Oct 27, 2017.
             Killed by nerve-wracking pain
             ... invoked by Grinder
              (11 damage)
             ... on level 3 of the Dungeon.
             The game lasted 00:05:32 (1936 turns).

karf the Skirmisher (Minotaur Fighter)              Turns: 1936, Time: 00:05:33

Health: -9/41      AC:  9    Str: 25    XL:     4   Next: 83%
Magic:  3/3        EV: 10    Int:  5    God:
Gold:   179        SH: 10    Dex: 11    Spells: 3/3 levels left

rFire    + . .     SeeInvis .   a - +0 flail
rCold    + . .     Gourm    .   c - +0 shield
rNeg     . . .     Faith    .   l - +0 chain mail {rC+}
rPois    .         Spirit   .   (helmet restricted)
rElec    .         Reflect  .   (no cloak)
rCorr    .         Harm     .   (no gloves)
MR       .....                  (no boots)
Stlth    ..........             (no amulet)
Regen    0.2/turn               t - ring of protection from fire
MPRegen  0.1/turn               q - +4 ring of evasion

@: mighty
A: retaliatory headbutt, horns 2
a: no special abilities


You were on level 3 of the Dungeon.
You were not hungry.

You visited 1 branch of the dungeon, and saw 3 of its levels.

You collected 179 gold pieces.

Inventory:

Hand Weapons
 a - a +0 flail (weapon)
Armour
 b - a +0 scale mail
 c - a +0 shield (worn)
 l - a +0 chain mail of cold resistance (worn)
Jewellery
 i - an uncursed ring of stealth
 q - a +4 ring of evasion (right hand)
 t - a ring of protection from fire (left hand)
Wands
 A - a wand of lightning (7/15)
Scrolls
 g - 3 scrolls of remove curse
 m - 5 scrolls of identify {unknown}
 n - a scroll of fear {unknown}
 p - 4 scrolls of magic mapping {unknown}
 v - 2 scrolls of recharging {unknown}
 x - 3 scrolls of teleportation {unknown}
 y - a scroll of noise {unknown}
Potions
 e - a potion of degeneration {unknown}
 h - a potion of flight {unknown}
 j - 2 potions of heal wounds {unknown}
 k - 3 potions of lignification {unknown}
 o - a potion of invisibility {unknown}
 r - a potion of magic {unknown}
 z - a potion of haste {unknown}
 B - 2 potions of mutation {unknown}
Comestibles
 f - 3 bread rations
 s - 2 fruits
 u - a meat ration
 w - 2 royal jellies


   Skills:
 + Level 4.5 Fighting
 * Level 4.2 Maces & Flails
 + Level 4.3 Armour
 + Level 4.3 Shields


You had 3 spell levels left.
You didn't know any spells.

Dungeon Overview and Level Annotations

Branches:
Dungeon (3/15)

Altars:
Xom

Annotations:
D:3 Grinder


Innate Abilities, Weirdness & Mutations

You reflexively headbutt those who attack you in melee.
You have a pair of horns on your head.


Message History

You sock Grinder!
Grinder is heavily wounded.
You block Grinder's attack.
You feel very mighty all of a sudden. Grinder hits you.
* * * LOW HITPOINT WARNING * * *
You closely miss Grinder.
Grinder is heavily wounded.
Grinder gestures at you. You resist with significant effort.
You closely miss Grinder. Your headbutt misses Grinder.
Grinder is heavily wounded.
Grinder barely misses you. Grinder gestures at you.
You barely resist. You closely miss Grinder.
Grinder is heavily wounded.
Grinder gestures at you. Pain shoots through your body!
You die...

#######.###.#.#....###..........#
........###.##.##.## #..........#
########....##.##.# #######...##
##.............##.# #...#
##.#####.########.##########...#
##.# #.# #####....<.........# #.#
#.# ##.........#######..# #.# #.#
#..........# #..# ##.### #.#
#.^^^@.....#######..#
.....###.###.^_^5..............##
.............^^.......########...
############..........# ####
##.........# ###########


You could see Grinder.

Vanquished Creatures
  Ijyb (D:3)
  Terence (D:3)
  2 adders (D:2)
  A dart slug (D:3)
  An orc (D:3)
  10 bats
  3 giant cockroaches
  6 goblins
  6 hobgoblins
  10 kobolds
  2 frilled lizards (D:3)
  7 rats
50 creatures vanquished.

Notes
Turn   | Place    | Note
-------+----------+-------------------------------------------
     0 | D:1      | karf the Minotaur Fighter began the quest for the Orb.
     0 | D:1      | Reached XP level 1. HP: 19/19 MP: 0/0
    11 | D:1      | Noticed a bullfrog
   245 | D:1      | Reached XP level 2. HP: 27/27 MP: 1/1
   704 | D:1      | Reached XP level 3. HP: 33/33 MP: 2/2
  1685 | D:3      | Reached XP level 4. HP: 40/40 MP: 3/3
  1703 | D:3      | Noticed Terence
  1722 | D:3      | Killed Terence
  1784 | D:3      | Noticed Ijyb
  1790 | D:3      | Killed Ijyb
  1908 | D:3      | Found a shimmering altar of Xom.
  1915 | D:3      | Noticed Grinder
  1922 | D:3      | Paralysed by Grinder for 6 turns
  1933 | D:3      | HP: 1/41 [Grinder (3)]
  1936 | D:3      | Killed from afar by Grinder

Skill      XL: |  1  2  3  4 |
---------------+-------------+-----
Maces & Flails | 3 4 |  4.2
Fighting       | 4 |  4.5
Armour         | 4 |  4.3
Shields        | 4 |  4.3

Action                   |  1- 3 |  4- 6 || total
-------------------------+-------+-------++-------
Melee: Flail             |    95 |    40 ||   135
       Headbutt          |    16 |     5 ||    21
  Use: Scroll            |     1 |       ||     1
       Potion            |       |     1 ||     1
  Eat: Chunk             |     2 |     1 ||     3
Armor: Scale mail        |    22 |       ||    22
       Chain mail        |    30 |    12 ||    42
Dodge: Dodged            |    26 |    21 ||    47
Block: Shield            |    54 |    14 ||    68
